 Dungeon Crawl Stone Soup version 0.30-a0-381-g6ea064c7b4 (webtiles) character file.

Game seed: 16377994979437048792

242 qeuew the Ruffian (level 5, 0/53 HPs)
             Began as a Troll Berserker on Dec 1, 2022.
             Was a Believer of Trog.
             Slain by an orc wizard
             ... wielding a +0 dagger
              (1 damage)
             ... on level 4 of the Dungeon.
             The game lasted 00:04:24 (2589 turns).

qeuew the Ruffian (Troll Berserker)                 Turns: 2589, Time: 00:04:25

Health: 0/53       AC:  4    Str: 25    XL:     5   Next: 82%
Magic:  4/4        EV: 10    Int:  3    God:    Trog [**....]
Gold:   241        SH:  5    Dex: 11    Spells: 4/4 levels left

rFire   . . .      SeeInvis .      - Unarmed
rCold   . . .      Faith    .    (no shield)
rNeg    . . .      Spirit   .    a - +0 animal skin
rPois   .          Reflect  +    (helmet restricted)
rElec   .          Harm     .    (no cloak)
rCorr   .          Rampage  .    (gloves unavailable)
Will    ++...                    (boots unavailable)
Stlth   +.........               c - amulet of reflection
HPRegen 2.08/turn                (no ring)
MPRegen 0.09/turn                (no ring)

@: strong-willed, on berserk cooldown, regenerating, slowed, studying Throwing,
very slow
A: large, unfitting armour, claws 3, regeneration 1, shaggy fur 1, tough skin 1
a: Renounce Religion, Berserk, Trog's Hand


You were on level 4 of the Dungeon.
You worshipped Trog.
Trog was pleased with you.
You visited 1 branch of the dungeon, and saw 4 of its levels.

You collected 241 gold pieces.

Inventory:

Armour
 a - a +0 animal skin (worn)
Jewellery
 c - an amulet of reflection (around neck)
Scrolls
 b - 3 scrolls of teleportation
 g - a scroll of brand weapon
Potions
 d - a potion of haste
 e - 2 potions of heal wounds
 f - a potion of flight {unknown}


   Skills:
 + Level 3.6 Fighting
 + Level 1.3 Throwing
 + Level 3.6 Dodging
 + Level 4.4 Unarmed Combat


You had 4 spell levels left.
You didn't know any spells.
Your spell library was empty.

Dungeon Overview and Level Annotations

Branches:
Dungeon (4/15)
 Temple: D:4-7

Altars:
Gozag
Nemelex Xobeh

Shops:
D:1 *   D:3 (


Innate Abilities, Weirdness & Mutations

You are too large for most types of armour.
You have claws for hands.
Your natural rate of healing is unusually fast.
You are covered in fur. (AC +1)
You have tough skin. (AC +1)


Message History

You kill the adder!
Trog accepts your kill.
You mangle the giant cockroach!!
You kill the giant cockroach!
Trog accepts your kill.
You feel the effects of Trog's Hand fading.
You feel sick.
You claw the orc!
You kill the orc!
Trog accepts your kill.
You are no longer berserk.
You are exhausted.
You feel yourself slow down.
You feel sick.
You feel sick. Something hits you.
* * * LOW HITPOINT WARNING * * *
Something hits you.
* * * LOW HITPOINT WARNING * * *
You see here a +0 dagger.
You barely miss something.
You feel sick.
You are no longer poisoned.
Something hits you.
* * * LOW HITPOINT WARNING * * *
You miss something.
Your skin stops crawling.
You feel less strong-willed. Something hits you but does no damage.
Something hits you.
* * * LOW HITPOINT WARNING * * *
You miss something. Something hits you.
* * * LOW HITPOINT WARNING * * *
Your skin crawls.
You feel strong-willed. Something hits you.
* * * LOW HITPOINT WARNING * * *
Unknown command.
You barely miss something.
You hear some strange, mumbled words.
A magic dart appears from out of thin air!
The magic dart hits you!
* * * LOW HITPOINT WARNING * * *
Something hits you.
You die...

........÷......... .. ###
##................ ...
..####..............#
♣.##....##.........>....
♣.>.....#.........###...
♣.................# #.##
♣...............<.###.##
♣.....)##.........#...##
♣.....{@..........#.###.
♣♣.♣....).##...........##..
..........#####............
.........# #..#.....####.
..>.....# #.##..#...#...
##.####### #.#.......#.#.
#.......###.........#.._
######...........#.#..####.
#..........#†...##.#...#...


There were no monsters in sight!

Vanquished Creatures
  A kobold brigand (D:4)
  2 orc priests (D:4)
  An iguana (D:3)
  3 adders
  An ufetubus (D:4)
  3 orcs (D:4)
  9 ball pythons
  11 endoplasms
  3 giant cockroaches
  4 goblins
  8 hobgoblins
  2 jackals (D:4)
  4 quokkas
  4 bats
  3 frilled lizards (D:2)
  4 kobolds
  4 rats
67 creatures vanquished.

Notes
Turn   | Place    | Note
-------+----------+-------------------------------------------
     0 | D:1      | qeuew the Troll Berserker began the quest for the Orb.
     0 | D:1      | Reached XP level 1. HP: 22/22 MP: 0/0
   117 | D:1      | Reached XP level 2. HP: 29/29 MP: 1/1
   329 | D:1      | Found Vedoa's Assorted Antiques.
   405 | D:1      | Reached XP level 3. HP: 36/36 MP: 2/2
   738 | D:2      | Reached ** piety under Trog
  1350 | D:4      | Reached XP level 4. HP: 38/45 MP: 3/3
  1787 | D:3      | Found Jeoruzug's Weapon Emporium.
  2082 | D:3      | Found a sparkling altar of Nemelex Xobeh.
  2284 | D:4      | Found an opulent altar of Gozag.
  2412 | D:4      | Reached skill level 4 in Unarmed Combat
  2429 | D:4      | Noticed a kobold brigand
  2438 | D:4      | Killed a kobold brigand
  2439 | D:4      | Reached XP level 5. HP: 28/53 MP: 4/4
  2567 | D:4      | Reached skill level 1 in Throwing
  2589 | D:4      | HP: 1/53 [something/magic dart (7)]
  2589 | D:4      | Slain by an orc wizard

Illustrated notes

Levels and vault maps discovered:
D:1:      dpeg_arrival_lava_altar, layout_rooms, serial_shops,
          nicolae_shop_overgrown_old_shop, minmay_misc_feat_doors
D:2:      layout_basic, grunt_ministairs_15
D:3:      minmay_door_path, layout_basic, nemelex_altar_shiori, serial_shops,
          nicolae_shop_statue_plus
D:4:      layout_rooms, nicolae_gozag_cash_rules_everything_around_me,
          mainiacjoe_overflow_cross_hatched, minmay_manual_mullet

Skill      XL: |  1  2  3  4  5 |
---------------+----------------+-----
Dodging        | 3 |  3.6
Fighting       | 3 |  3.6
Unarmed Combat | 4 |  4.4
Throwing       | 1 |  1.3

Action                   |  1- 3 |  4- 6 || total
-------------------------+-------+-------++-------
Melee: Unarmed           |   114 |    51 ||   165
       Punch             |     1 |     1 ||     2
Invok: Trog's Hand       |       |     2 ||     2
       Berserk           |       |     1 ||     1
  Use: Scroll            |     5 |     3 ||     8
       Potion            |     2 |       ||     2
 Stab: Sleeping          |     1 |     2 ||     3
Armor: Animal skin       |    45 |    10 ||    55
Dodge: Dodged            |    65 |    21 ||    86
Block: Other             |       |    13 ||    13
       Reflection        |       |     1 ||     1

Table legend: (Time is in decaauts)
 A = Elapsed time spent in this place.
 B = Non-inter-level travel time spent in this place.
 C = Inter-level travel time spent in this place.
 D = Time resting spent in this place.
 E = Time spent auto-exploring this place.
 F = Levels seen in this place.
 G = Mean time per level.
                   A        B        C        D        E       F      G
               +--------+--------+--------+--------+--------+-----+--------+
         Total |   2596 |   2534 |     62 |    100 |   2039 |   4 |  649.0 |
       Dungeon |   2596 |   2534 |     62 |    100 |   2039 |   4 |  649.0 |
               +--------+--------+--------+--------+--------+-----+--------+

Top non-repeatable levels by time:
     D:3: 824 daAuts
     D:2: 698 daAuts
     D:1: 620 daAuts
     D:4: 452 daAuts
